AoeStats
← JAGR | DesNoguns

Arabian Desert

510426190Analyzed
1v1 RM · 8h ago on Oct 1, 2026· 39m 15s· 2 players
Game mode
Random Map
Map size
Tiny (2 player)
Population
200
Speed
Normal
Resources
Standard
Victory
Conquest
Starting age
Dark Age
Ending age
Imperial Age
RankedLock teamsTeams togetherTeam positionsShared explorationLock speedFull tech treeHidden civsTurbo modeCheats
Victory
Defeat
🇨🇴 Cumans · Colombia
1467
+14
🇮🇹 Chinese · Italy
1434
-14
Retentio
0:26 Loom
10:06 Feudal Age
16:56 Castle Age
16:01 Horse Collar
16:08 Double-Bit Axe
16:49 Stone Mining
19:51 Fletching
21:40 Bodkin Arrow
23:22 Bow Saw
23:42 Padded Archer Armor
25:57 Wheelbarrow
26:51 Masonry
27:04 Ballistics
28:04 Leather Archer Armor
28:00 Heavy Plow
29:47 Gold Mining
35:46 Masonry
39:09 Imperial Age
JAGR | DesNoguns
6:26 Loom
9:12 Feudal Age
9:43 Double-Bit Axe
9:40 Horse Collar
19:08 Castle Age
18:37 Gold Mining
18:48 Fletching
19:46 Bodkin Arrow
19:12 Crossbowman
21:38 Bow Saw
22:52 Bloodlines
25:49 Ballistics
26:08 Padded Archer Armor
26:43 Stone Mining
27:08 Town Watch
31:45 Imperial Age
33:29 Chemistry
32:49 Scale Barding Armor
32:33 Elite Steppe Lancer
33:55 Chain Barding Armor
36:22 Plate Barding Armor
38:35 Forging
38:25 Scale Mail Armor
40:05 Wheelbarrow
39:36 Town Patrol
Connection lost

Rejoining the realm…

Still unreachable

The connection could not be restored.

Session expired

The server has moved on; the page needs a fresh start.